 Dungeon Crawl Stone Soup version 0.30-a0-55-g90e3122c3a (webtiles) character file.

Game seed: 17721530351491227039

65 jlumianski the Covered (level 3, -4/29 HPs)
             Began as a Demonspawn Fighter on Sept 9, 2022.
             Slain by a gnoll
             ... wielding a +0 halberd
              (11 damage)
             ... on level 2 of the Dungeon.
             The game lasted 00:03:41 (1407 turns).

jlumianski the Covered (Demonspawn Fighter)         Turns: 1407, Time: 00:03:41

Health: -4/29      AC:  6    Str: 18    XL:     3   Next: 92%
Magic:  3/3        EV:  9    Int:  9    God:
Gold:   64         SH:  0    Dex: 12    Spells: 2/2 levels left

rFire   . . .      SeeInvis .    a - +0 war axe
rCold   . . .      Faith    .    (no shield)
rNeg    . . .      Spirit   .    i - +0 scale mail
rPois   .          Reflect  .    (no helmet)
rElec   .          Harm     .    (no cloak)
rCorr   .          Rampage  .    (no gloves)
Will    .....                    (no boots)
Stlth   ..........               (no amulet)
HPRegen 0.09/turn                (no ring)
MPRegen 0.08/turn                (no ring)

@: no status effects
A: claws 2
a: no special abilities


You were on level 2 of the Dungeon.
You visited 1 branch of the dungeon, and saw 2 of its levels.

You collected 64 gold pieces.

Inventory:

Hand Weapons
 a - a +0 war axe (weapon)
Missiles
 l - 11 stones
 m - 5 poisoned darts (quivered)
Armour
 b - a +0 scale mail
 c - a +0 buckler
 i - a +0 scale mail (worn)
Scrolls
 f - a scroll of teleportation {unknown}
 h - a scroll of poison {unknown}
 k - a scroll of fear {unknown}
 n - a scroll of identify {unknown}
Potions
 d - 2 potions of might
 e - a potion of mutation {unknown}
 g - a potion of cancellation {unknown}
 j - a potion of curing {unknown}
 o - a potion of degeneration {unknown}
 p - a potion of heal wounds {unknown}


   Skills:
 + Level 3.3 Fighting
 + Level 2.6 Axes
 + Level 3.4 Armour
 + Level 0.3 Dodging
 + Level 2.8 Shields


You had 2 spell levels left.
You didn't know any spells.
Your spell library contained the following spells:

 Spells                   Type           Power      Damage    Failure   Level
 Beastly Appendage        Tmut           0%         N/A       77%         1
 Wereblood                Tmut           0%         N/A       88%         2
 Spider Form              Tmut/Pois      0%         N/A       98%         3


Dungeon Overview and Level Annotations

Branches:
Dungeon (2/15)

Altars:


Innate Abilities, Weirdness & Mutations

You have very sharp fingernails.


Message History

You closely miss the gnoll.
The gnoll is almost dead.
The gnoll hits you but does no damage.
You barely miss the gnoll.
The gnoll is almost dead.
The gnoll hits you with a +0 spear. x2
You barely miss the gnoll.
The gnoll is almost dead.
The gnoll closely misses you.
You closely miss the gnoll.
The gnoll is almost dead.
The gnoll misses you.
Unknown command.
You slash the gnoll!
You kill the gnoll!
Things that are here:
a +0 spear; a gnoll corpse
Things that are here:
a +0 spear; a gnoll corpse You start resting.
HP restored.
Things that are here:
a +0 spear; a gnoll corpse You see here a +0 scale mail. 2 gnolls come into view.
The gnoll shouts! x2
An endoplasm comes into view.
You see here a +0 scale mail.
Things that are here:
a +0 spear; a gnoll skeleton
Things that are here:
a +0 spear; a gnoll skeleton The gnoll hits you with a +0 halberd.
You hit the gnoll but do no damage. The gnoll hits you with a +0 halberd!
You hit the gnoll. You claw the gnoll!
The gnoll is severely wounded.
The gnoll hits you with a +0 halberd.
* * * LOW HITPOINT WARNING * * *
The gnoll hits you with a +0 halberd!
You die...

#..# ... #..# #.# #..#
##g## #..# ...# #..#
#g.# #..# ###########.#
##..########........##.#
...............####.##[#
##..######.#.#..@gg....#
....####...#...####.####
###......#####.# ##.##
######...#...# #...####
###.#.### #......# #...#
#...#### ##### #####


You could see 2 gnolls.

Vanquished Creatures
  2 gnolls (D:2)
  A worm (D:2)
  A dart slug (D:1)
  2 bats (D:1)
  3 endoplasms
  2 giant cockroaches (D:1)
  A hobgoblin (D:1)
  4 jackals (D:1)
  2 kobolds (D:1)
  3 quokkas
  4 ball pythons
  2 frilled lizards (D:1)
  4 goblins (D:1)
  6 rats (D:1)
37 creatures vanquished.

Vanquished Creatures (others)
  3 fungi (D:1)
  6 plants (D:1)
9 creatures vanquished.

Grand Total: 46 creatures vanquished

Notes
Turn   | Place    | Note
-------+----------+-------------------------------------------
     0 | D:1      | jlumianski the Demonspawn Fighter began the quest for the
                  | Orb.
     0 | D:1      | Reached XP level 1. HP: 18/18 MP: 1/1
   248 | D:1      | Discovered your monstrous ancestry.
   248 | D:1      | Gained mutation: You have sharp fingernails. [demonic
                  | ancestry]
   248 | D:1      | Reached XP level 2. HP: 19/24 MP: 2/2
   401 | D:1      | Found a faded altar of an unknown god.
   679 | D:1      | Gained mutation: You have very sharp fingernails. [demonic
                  | ancestry]
   679 | D:1      | Reached XP level 3. HP: 17/29 MP: 3/3
  1407 | D:2      | Slain by a gnoll

Illustrated notes

Levels and vault maps discovered:
D:1:      matt_arrival_refuge, layout_rooms,
          dreamdust_ecumenical_altar_hidden_monk_grotto
D:2:      layout_loops_ring, serial_bayou_ford_a, chequers_avenue, uniq_natasha,
          uniq_crazy_yiuf_cottage

Skill      XL: |  1  2 |
---------------+-------+-----
Armour         | 3 |  3.4
Axes           | 2 |  2.6
Fighting       | |  3.3
Dodging        | |  0.3
Shields        | |  2.8

Action                   || total
-------------------------++-------
Melee: War axe           ||   102
       Punch             ||     3
Armor: Scale mail        ||    66
Dodge: Dodged            ||    57
Block: Buckler           ||     8

Table legend: (Time is in decaauts)
 A = Elapsed time spent in this place.
 B = Non-inter-level travel time spent in this place.
 C = Inter-level travel time spent in this place.
 D = Time resting spent in this place.
 E = Time spent auto-exploring this place.
 F = Levels seen in this place.
 G = Mean time per level.
                   A        B        C        D        E       F      G
               +--------+--------+--------+--------+--------+-----+--------+
         Total |   1448 |   1421 |     27 |    186 |    743 |   2 |  724.0 |
       Dungeon |   1448 |   1421 |     27 |    186 |    743 |   2 |  724.0 |
               +--------+--------+--------+--------+--------+-----+--------+

Top non-repeatable levels by time:
     D:1: 1119 daAuts
     D:2: 329 daAuts
